Map: Orbital Shipyard

Players

CCalms

  • Race: Protoss Protoss
  • League: Master

BowmanSX (bowman) - Winner!

  • Race: Protoss Protoss
  • League: Grandmaster

VOD

Have the link to the VOD?

Description

Time

  • Played on: Jan. 9, 2016, 7:37 p.m.
  • Length: 4:14
Show
View Real Time Build Order
Export as new Build Order

CCalms Protoss 

Build Orders: Nexus First 

Get SALT Encoding   

  12  0:01  Probe (Chrono Boost)  
  13  0:11  Probe (Chrono Boost)  
  14  0:18  Pylon  
  14  0:22  Probe (Chrono Boost)  
  15  0:36  Probe (Chrono Boost)  
  16  0:47  Probe (Chrono Boost)  
  17  0:58  Probe (Chrono Boost)  
  17  1:01  Nexus  
  18  1:08  Probe (Chrono Boost)  
  19  1:14  Gateway  
  19  1:19  Probe (Chrono Boost)  
  19  1:23  Assimilator  
  20  1:29  Probe (Chrono Boost)  
  20  1:31  Assimilator  
  22  1:40  Probe (Chrono Boost)  
  22  1:44  Pylon  
  22  1:50  Probe (Chrono Boost)  
  23  2:02  Probe (Chrono Boost)  
  23  2:04  Cybernetics Core  
  24  2:12  Probe (Chrono Boost)  
  25  2:18  Probe (Chrono Boost)  
  26  2:23  Probe (Chrono Boost)  
  26  2:29  Probe (Chrono Boost)  
  28  2:33  Zealot  
  28  2:36  Pylon  
  30  2:37  Pylon  
  30  2:43  Mothership Core (Chrono Boost)  
  28  3:19  Pylon  
  27  3:22  Pylon  
  20  3:56  Pylon  
  20  3:57  Pylon  
Show
View Real Time Build Order
Export as new Build Order

BowmanSX Protoss - Winner!

Build Orders: Nexus First 

Get SALT Encoding   

  12  0:01  Probe (Chrono Boost)  
  13  0:11  Probe (Chrono Boost)  
  14  0:24  Pylon  
  14  0:26  Probe (Chrono Boost)  
  15  0:42  Probe (Chrono Boost)  
  16  0:57  Nexus  
  16  1:08  Gateway  
  16  1:15  Probe (Chrono Boost)  
  16  1:17  Assimilator  
  18  1:25  Probe (Chrono Boost)  
  18  1:27  Pylon  
  18  1:36  Probe (Chrono Boost)  
  19  1:46  Probe (Chrono Boost)  
  20  1:47  Gateway  
  20  1:55  Cybernetics Core  
  20  2:00  Assimilator  
  20  2:01  Probe (Chrono Boost)  
  21  2:12  Probe (Chrono Boost)  
  23  2:23  Probe (Chrono Boost)  
  23  2:30  Pylon  
  23  2:31  Mothership Core (Chrono Boost), Pylon  
  25  2:37  Stalker (Chrono Boost)  
  27  2:49  Probe  
  27  3:07  Stalker (Chrono Boost)  
  27  3:11  Stalker (Chrono Boost)  
  31  3:28  Probe  
  32  3:36  Stalker (Chrono Boost)  
  34  3:51  Pylon  
  34  3:52  Pylon  
  33  3:59  Probe  
  33  4:00  Nexus  
Tags
 
Add a new tag
Caveats
  • Supply blocks, unpowered buildings, or Contaminate may cause inaccurate times.
  • Supply counts are checked every 10 seconds.